 Dungeon Crawl Stone Soup version 0.29.0-15-g675c0067aa (webtiles) character file.

Game seed: 12801451175506688317

2 qw the Sneak (level 1, -2/14 HPs)
             Began as a Gargoyle Delver on Sept 11, 2022.
             Slain by a black bear (3 damage)
             ... on level 4 of the Dungeon.
             The game lasted 00:00:03 (63 turns).

qw the Sneak (Gargoyle Delver)                        Turns: 63, Time: 00:00:03

Health: -2/14      AC:  5    Str: 15    XL:     1   Next: 40%
Magic:  1/1        EV: 11    Int: 10    God:
Gold:   37         SH:  0    Dex: 11    Spells: 0/0 levels left

rFire   . . .      SeeInvis .   a - +0 hand axe
rCold   . . .      Faith    .   (no shield)
rNeg    + . .      Spirit   .   b - +0 leather armour
rPois   inf        Reflect  .   (no helmet)
rElec   +          Harm     .   (no cloak)
rCorr   .          Rampage  .   (no gloves)
Will    .....                   (no boots)
Stlth   +++.......              (no amulet)
HPRegen 0.04/turn               (no ring)
MPRegen 0.07/turn               (no ring)

@: no status effects
A: sickness immunity, AC +2, negative energy resistance 1, electricity
resistance, torment resistance 1, petrification resistance
a: no special abilities


You were on level 4 of the Dungeon.
You visited 1 branch of the dungeon, and saw 2 of its levels.

You collected 37 gold pieces.


Innate Abilities, Weirdness & Mutations

You are immune to sickness and miasma.
Your stone body is resilient. (AC +2)
You are immune to poison.
You resist negative energy. (rN+)
You are resistant to electric shocks. (rElec)
You are resistant to unholy torment.
You are immune to petrification.


   Skills:
 - Level 3.2 Fighting
 + Level 2.0 Axes
 - Level 1.5 Dodging
 - Level 5.4 Stealth


You couldn't memorise any spells.
You didn't know any spells.
Your spell library was empty.

Inventory:

Hand Weapons
 a - a +0 hand axe (weapon)
 c - a +0 whip
Armour
 b - a +0 leather armour (worn)
Wands
 g - a wand of digging (3)
Potions
 f - a potion of haste

Dungeon Overview and Level Annotations

Branches:
Dungeon (5/15)
 Temple: D:4-7

Altars:


Message History

Found an escape hatch in the floor.
You now have 23 gold pieces (gained 11).
You now have 37 gold pieces (gained 14).
Found a mace.
Enter note: A hobgoblin comes into view.
The hobgoblin shouts!
A goblin comes into view. It is wielding a +0 club.
The goblin shouts!
A black bear comes into view.
You hit the hobgoblin.
The hobgoblin is almost dead.
The hobgoblin hits you but does no damage.
You barely miss the hobgoblin.
The hobgoblin is almost dead.
The hobgoblin hits you.
You closely miss the hobgoblin.
The hobgoblin is almost dead.
You hit the goblin. The goblin hits you with a +0 club.
The hobgoblin completely misses you.
You hit the hobgoblin but do no damage.
The hobgoblin is almost dead.
You hit the goblin.
You kill the goblin!
The hobgoblin barely misses you. x2
You hit the hobgoblin.
You kill the hobgoblin!
Your Axes skill increases to level 2!
You hit the black bear but do no damage.
The black bear barely misses you. x2
The black bear claws you but does no damage.
You barely miss the black bear. The black bear bites you.
The black bear barely misses you. The black bear claws you.
You closely miss the black bear.
The black bear bites you but does no damage.
The black bear claws you. x2
You barely miss the black bear. The black bear bites you.
You die...

... ..# ... .. #..##
)...##.#####.....
.................
..........)......
................
#..........h........
#......#....@%......
......#............
##>...#............
#.....+............
#...#.#+####.....
#..........#......
#..........# .....
#..........###....
#.................


You could see a black bear.

Vanquished Creatures
  A goblin (D:4)
  A hobgoblin (D:4)
2 creatures vanquished.

Notes
Turn   | Place    | Note
-------+----------+-------------------------------------------
     0 | D:5      | qw the Gargoyle Delver began the quest for the Orb.
     0 | D:5      | Reached XP level 1. HP: 14/14 MP: 1/1
     0 | D:5      | 0 ||| qw: Version: 0.1-a-118-gb4e7ce6
     0 | D:5      | 0 ||| qw: Game counter: 10505
     0 | D:5      | 0 ||| qw: Always use a shield: true
     0 | D:5      | 0 ||| qw: God list: Okawaru
     0 | D:5      | 0 ||| qw: Allow faded altars: false
     0 | D:5      | 0 ||| qw: Do Orc after D:15 true
     0 | D:5      | 0 ||| qw: Do second Lair branch before Depths: true
     0 | D:5      | 0 ||| qw: Lair rune preference: random
     0 | D:5      | 0 ||| qw: Plans: Normal
     0 | D:5      | 0 ||| PLANNING D:1-11
    13 | D:5      | 13 ||| DROPPING scroll of fog.
    14 | D:5      | 14 ||| DROPPING scroll of magic mapping.
    15 | D:5      | 15 ||| DROPPING scroll of fear.
    22 | D:5      | Noticed an ogre
    23 | D:5      | 23 ||| STAIRDANCE
    53 | D:4      | Noticed a black bear
    62 | D:4      | HP: 1/14 [black bear (3)]
    63 | D:4      | Slain by a black bear

Levels and vault maps discovered:
D:4:      layout_basic, grunt_temple_overflow_gold_and_silver,
          minmay_misc_feat_tiny, kennysheep_doodads, reono_crystal_passage
D:5:      layout_loops_corners, minmay_temple_entry_butterflies,
          portal_sewer_entry_c, small_statue_intersection, uniq_eustachio,
          uniq_duvessa, uniq_edmund

Skill      XL: |  1 |
---------------+----+-----
Axes           | 2 |  2.0
Fighting       | |  3.2
Dodging        | |  1.5
Stealth        | |  5.4

Action                   || total
-------------------------++-------
Melee: Hand axe          ||     9
Armor: Leather armour    ||     3
Dodge: Dodged            ||     6

Table legend:
 A = Non-vault XP
 B = Vault XP
 C = Vault XP percentage of total XP
 D = Non-vault monster count
 E = Vault monster count
 F = Vault count percentage of total count
                 A         B        C        D         E       F
            +---------+---------+-------+---------+---------+-------
      Total |       4 |       0 |   0.0 |       2 |       0 |   0.0
            +---------+---------+-------+---------+---------+-------
        D:4 |       4 |       0 |   0.0 |       2 |       0 |   0.0
            +---------+---------+-------+---------+---------+-------
